 Dungeon Crawl Stone Soup version 0.17.0-56-gd8de76c (webtiles) character file.

6328 Ijustatesigmund the Thaumaturge (level 10, -7/52 HPs)
             Began as a Deep Elf Wizard on Dec 6, 2015.
             Was a Follower of Vehumet.
             Mangled by a gargoyle
             ... wielding a +0 dire flail
              (9 damage)
             ... on level 11 of the Dungeon.
             The game lasted 01:00:52 (13156 turns).

Ijustatesigmund the Thaumaturge (Deep Elf Wizard)  Turns: 13156, Time: 01:00:52

Health: -7/52      AC: 12    Str:  4    XL:     10   Next: 64%
Magic:  7/26       EV: 18    Int: 27    God:    Vehumet [*.....]
Gold:   625        SH:  0    Dex: 13    Spells: 8 memorised, 6 levels left

rFire  . . .     SeeInvis .     w - +1 flail (protect)
rCold  . . .     Clarity  .     a - +0 robe
rNeg   . . .     SustAt   .     (no shield)
rPois  .         Gourm    .     W - +0 helmet
rElec  .         Spirit   .     J - +1 cloak
rCorr  .         Warding  .     p - +1 pair of gloves
rMut   .         Stasis   .     (no boots)
MR     +....                    (no amulet)
Stlth  +++.......               v - +4 ring of evasion
                                P - ring of wizardry

@: somewhat resistant to hostile enchantments, fairly stealthy
A: no striking features
a: Renounce Religion


You were on level 11 of the Dungeon.
You worshipped Vehumet.
Vehumet was aware of your devotion.
You were not hungry.

You visited 2 branches of the dungeon, and saw 12 of its levels.

You collected 625 gold pieces.

Inventory:

Hand Weapons
 l - a +5 hunting sling of evasion
 t - a +2 dagger of speed
 w - a +1 flail of protection (weapon)
 y - a +2 dagger of flaming
 I - a +2 vampiric whip
 O - a +0 blowgun
 T - a +3 dagger
Missiles
 H - 5 javelins (quivered)
 S - 5 tomahawks
Armour
 a - a +0 robe (worn)
 p - a +1 pair of gloves (worn)
 J - a +1 cloak (worn)
 W - a +0 helmet (worn)
Jewellery
 g - an uncursed ring of protection from fire
 h - an uncursed ring of protection from magic
 i - an uncursed ring of stealth
 v - a +4 ring of evasion (right hand)
 D - an uncursed ring of see invisible
 K - an uncursed ring of teleportation
 P - a ring of wizardry (left hand)
Wands
 b - a wand of flame (24)
 o - a wand of enslavement (24)
 B - a wand of random effects (11)
 M - a wand of enslavement (10)
 Q - a wand of fire (8)
 R - a wand of frost (26)
 U - a wand of confusion (15)
 Y - a wand of heal wounds (3)
Scrolls
 k - a scroll of magic mapping
 n - 2 scrolls of amnesia
 q - a scroll of enchant weapon
 r - a scroll of immolation
 E - 5 scrolls of identify
 F - a scroll of fog
 N - 3 scrolls of teleportation
Potions
 e - a potion of agility
 f - 2 potions of cancellation
 s - a potion of ambrosia
 u - a potion of magic
 x - a potion of brilliance
 A - a potion of heal wounds
 C - a potion of invisibility
 L - a potion of might
Books
 c - a book of Minor Magic

   Spells                             Type                      Level
   a - Magic Dart                     Conjuration                  1
   b - Blink                          Translocation                2
   c - Call Imp                       Summoning                    2
   d - Repel Missiles                 Charms/Air                   2
   e - Slow                           Hexes                        2
   f - Conjure Flame                  Conjuration/Fire             3
   g - Mephitic Cloud                 Conjuration/Poison/Air       3
 m - a book of Necromancy

   Spells                             Type                      Level
   a - Pain                           Necromancy                   1
   b - Animate Skeleton               Necromancy                   1
   c - Vampiric Draining              Necromancy                   3
   d - Regeneration                   Charms/Necromancy            3
   e - Animate Dead                   Necromancy                   4
   f - Control Undead                 Necromancy                   4
 z - a book of the Sky

   Spells                             Type                      Level
   a - Summon Lightning Spire         Summoning/Air                4
   b - Airstrike                      Air                          4
   c - Silence                        Hexes/Air                    5
   d - Deflect Missiles               Charms/Air                   6
   e - Conjure Ball Lightning         Conjuration/Air              6
   f - Tornado                        Air                          9
 G - a book of Annihilations

   Spells                             Type                      Level
   a - Poison Arrow                   Conjuration/Poison           6
   b - Chain Lightning                Conjuration/Air              8
   c - Lehudib's Crystal Spear        Conjuration/Earth            8
   d - Glaciate                       Conjuration/Ice              9
   e - Fire Storm                     Conjuration/Fire             9
 X - a book of the Tempests

   Spells                             Type                      Level
   a - Static Discharge               Conjuration/Air              3
   b - Lightning Bolt                 Conjuration/Air              5
   c - Fireball                       Conjuration/Fire             5
   d - Tornado                        Air                          9
   e - Shatter                        Earth                        9
 Z - a Grand Grimoire

   Spells                             Type                      Level
   a - Monstrous Menagerie            Summoning                    6
   b - Summon Greater Demon           Summoning                    7
   c - Malign Gateway                 Summoning/Translocation      7
   d - Summon Horrible Things         Summoning                    8
Comestibles
 d - 6 bread rations
 j - 3 meat rations
 V - 5 slices of pizza


   Skills:
 - Level 1.2 Fighting
 - Level 2.4 Short Blades
 - Level 7.0 Throwing
 - Level 5.0 Dodging
 - Level 5.5 Stealth
 + Level 10.2 Spellcasting
 - Level 7.5 Conjurations
 * Level 8.8 Charms
 - Level 1.1 Summonings
 - Level 1.1 Translocations
 + Level 5.1 Air Magic
 - Level 2.5 Poison Magic


You had 6 spell levels left.
You knew the following spells:

 Your Spells              Type           Power        Failure   Level  Hunger
a - Magic Dart            Conj           ####         1%          1    None
b - Blink                 Tloc           N/A          1%          2    None
c - Repel Missiles        Chrm/Air       ######       1%          2    None
d - Mephitic Cloud        Conj/Pois/Air  #####...     1%          3    None
e - Conjure Flame         Conj/Fire      ####....     1%          3    None
f - Call Imp              Summ           ###.....     1%          2    None
g - Airstrike             Air            #####.....   2%          4    None
h - Deflect Missiles      Chrm/Air       ######....   16%         6    #####..


Dungeon Overview and Level Annotations

Branches:
Dungeon (11/15)            Temple (1/1) D:6
   Lair: D:8-11         Orc: D:9-12

Altars:
Ashenzari
Cheibriados
Dithmenos
Elyvilon
Fedhas
Gozag
Kikubaaqudgha
Nemelex Xobeh
Okawaru
Qazlal
Ru
Sif Muna
Trog
Vehumet
Xom
Yredelemnul
Zin
The Shining One

Shops:
D:5 %


Message History

The gargoyle is moderately damaged.
The gargoyle hits you with a dire flail!
* * * LOW HITPOINT WARNING * * *
Casting: Magic Dart
Confirm with . or Enter, or press ? or * to list all spells.
Aiming: Magic Dart
Press: ? - help, Shift-Dir - straight line, f/p - gargoyle
Aim: a gargoyle, wielding a dire flail (moderately damaged)
The magic dart hits the gargoyle.
The gargoyle is moderately damaged.
The gargoyle barely misses you.
Casting: Magic Dart
Confirm with . or Enter, or press ? or * to list all spells.
Aiming: Magic Dart
Press: ? - help, Shift-Dir - straight line, f/p - gargoyle
Aim: a gargoyle, wielding a dire flail (moderately damaged)
The magic dart hits the gargoyle.
The gargoyle is moderately damaged.
The gargoyle hits you with a dire flail!
You die...

#.# #.....# #...#
##.#####.###.###.#.#
#.....)..# #....)#.#
#..####### ###.### #
#..# #.# #..# ## #.#
.... .. #.# #.#.#
###.#####9# #.#..
........@.# ....
........###
###.###.# # #.# #(#
#....)... #.######.
#.. ...


You could see a gargoyle.

Vanquished Creatures
  A hill giant (D:11)
  Joseph (D:7)
  A gargoyle (D:10)
  A yak (D:8)
  2 two-headed ogres
  A hippogriff (D:7)
  Eustachio (D:4)
  A human (D:8)
  2 hungry ghosts
  Edmund (D:3)
  Duvessa (D:4)
  A necrophage (D:7)
  A sky beast (D:6)
  2 orc warriors (D:8)
  A crocodile (D:10)
  6 ogres
  A phantom (D:4)
  2 centaurs
  3 ice beasts
  3 giant frogs
  Dowan (D:4)
  4 scorpions
  8 killer bees
  10 wights
  5 crimson imps
  A centaur zombie (D:10)
  A hound (D:10)
  6 orc priests
  A giant frog skeleton (D:7)
  5 jellies
  A centaur skeleton (D:5)
  3 iguanas
  6 orc wizards
  3 sheep (D:8)
  2 worker ants
  A hound zombie (D:5)
  2 hound skeletons
  A worker ant zombie (D:7)
  8 adders
  10 gnolls
  3 shadow imps
  An ooze (D:6)
  2 adder skeletons
  A worm (D:2)
  3 giant geckos
  21 orcs
  A ball python (D:1)
  3 giant cockroaches
  4 goblins
  6 hobgoblins
  7 jackals
  8 kobolds
  9 quokkas
  8 bats
  A giant gecko skeleton (D:5)
  6 giant newts
  A jackal skeleton (D:5)
  A quokka zombie (D:6)
  11 rats
209 creatures vanquished.

Vanquished Creatures (collateral kills)
  2 killer bees (D:8)
  5 orcs
7 creatures vanquished.

Vanquished Creatures (others)
  An orc (D:7)
1 creature vanquished.

Grand Total: 217 creatures vanquished

Notes
Turn   | Place    | Note
--------------------------------------------------------------
     0 | D:1      | Ijustatesigmund the Deep Elf Wizard began the quest for the Orb.
     0 | D:1      | Reached XP level 1. HP: 10/10 MP: 7/7
   208 | D:1      | Reached XP level 2. HP: 15/15 MP: 7/9
   212 | D:1      | Learned a level 2 spell: Blink
   215 | D:1      | Learned a level 2 spell: Repel Missiles
   542 | D:2      | Reached skill level 5 in Spellcasting
   630 | D:2      | Reached XP level 3. HP: 8/19 MP: 4/11
  1335 | D:2      | Found a blossoming altar of Fedhas.
  1401 | D:3      | Reached skill level 1 in Short Blades
  1401 | D:3      | Reached XP level 4. HP: 16/24 MP: 0/13
  1619 | D:2      | Learned a level 3 spell: Mephitic Cloud
  1623 | D:2      | Learned a level 3 spell: Conjure Flame
  1630 | D:3      | Reached skill level 1 in Fighting
  1748 | D:3      | Found a sparkling altar of Nemelex Xobeh.
  1784 | D:3      | Reached XP level 5. HP: 29/29 MP: 4/14
  1937 | D:3      | Found an opulent altar of Gozag.
  2549 | D:4      | Noticed Edmund
  2559 | D:4      | Noticed Duvessa
  2562 | D:4      | Noticed Dowan
  2801 | D:3      | Killed Edmund
  2801 | D:3      | Reached skill level 1 in Air Magic
  2801 | D:3      | Reached skill level 1 in Poison Magic
  2801 | D:3      | Reached XP level 6. HP: 34/34 MP: 2/15
  2928 | D:4      | Killed Duvessa
  2928 | D:4      | Reached skill level 5 in Conjurations
  3089 | D:4      | Killed Dowan
  3110 | D:4      | Reached XP level 7. HP: 38/38 MP: 2/16
  3115 | D:5      | Entered Level 5 of the Dungeon
  3409 | D:4      | Noticed a phantom
  3697 | D:4      | Reached skill level 6 in Conjurations
  4015 | D:4      | Killed a phantom
  4333 | D:4      | Noticed Eustachio
  4348 | D:4      | Killed Eustachio
  4348 | D:4      | Reached XP level 8. HP: 43/43 MP: 6/19
  4437 | D:5      | Reached skill level 7 in Conjurations
  5463 | D:5      | Learned a level 2 spell: Call Imp
  5977 | D:5      | Found Vinwuq's Food Emporium.
  6307 | D:6      | Reached skill level 5 in Stealth
  6394 | D:6      | Found a staircase to the Ecumenical Temple.
  6427 | Temple   | Entered the Ecumenical Temple
  6547 | D:6      | Reached skill level 1 in Throwing
  6939 | D:6      | Noticed a moth of wrath
  6941 | D:6      | Found a bloodstained altar of Trog.
  7634 | D:7      | Reached XP level 9. HP: 47/47 MP: 16/21
  7667 | D:7      | Learned a level 4 spell: Airstrike
  7672 | D:7      | Noticed Joseph
  7887 | D:7      | Killed Joseph
  8210 | D:7      | Found a radiant altar of Vehumet.
  8300 | D:7      | Became a worshipper of Vehumet
  8833 | D:8      | Found a sacrificial altar of Ru.
  8894 | D:8      | Reached skill level 5 in Dodging
  8894 | D:8      | Reached skill level 8 in Spellcasting
  8902 | D:8      | Learned a level 6 spell: Deflect Missiles
  8908 | D:8      | Found a shadowy altar of Dithmenos.
  8987 | D:8      | Reached skill level 1 in Charms
  9950 | D:8      | Reached skill level 9 in Spellcasting
  9961 | D:8      | Reached * piety under Vehumet
  9961 | D:8      | Offered knowledge of Shock by Vehumet.
 10032 | D:8      | Reached XP level 10. HP: 25/52 MP: 7/25
 10431 | D:9      | Reached skill level 5 in Charms
 10639 | D:9      | Found an opulent altar of Gozag.
 10675 | D:10     | Entered Level 10 of the Dungeon
 12409 | D:11     | Noticed a hill giant
 12424 | D:11     | Killed a hill giant
 12424 | D:11     | Reached skill level 10 in Spellcasting
 12864 | D:10     | Reached skill level 5 in Air Magic
 13154 | D:11     | HP: 2/52 [gargoyle/dire flail (12)]
 13156 | D:11     | Mangled by a gargoyle

Action                   |  1- 3 |  4- 6 |  7- 9 | 10-12 || total
-------------------------+-------+-------+-------+-------++-------
Melee: Short sword       |     2 |    14 |       |       ||    16
       Dagger            |       |     1 |    11 |       ||    12
       Flail             |       |       |    29 |     5 ||    34
Throw: Javelin           |     6 |    16 |    27 |    11 ||    60
       Tomahawk          |       |       |     2 |     3 ||     5
 Cast: Magic Dart        |    71 |   111 |   518 |   274 ||   974
       Mephitic Cloud    |       |     9 |    30 |    11 ||    50
       Blink             |       |     3 |     4 |     7 ||    14
       Repel Missiles    |       |     1 |     2 |     1 ||     4
       Conjure Flame     |       |       |    10 |    11 ||    21
       Call Imp          |       |       |     6 |     4 ||    10
       Deflect Missiles  |       |       |       |     1 ||     1
Evoke: Wand              |       |     2 |     6 |       ||     8
  Use: Scroll            |     8 |     4 |    12 |     6 ||    30
       Potion            |     2 |     1 |     3 |       ||     6
 Stab: Sleeping          |     1 |       |       |       ||     1
       Confused          |       |       |     3 |       ||     3
  Eat: Chunk             |       |     4 |     6 |     1 ||    11
       Pizza             |       |     2 |       |     3 ||     5
       Bread ration      |       |       |     1 |       ||     1
       Fruit             |       |       |     4 |     2 ||     6
       Beef jerky        |       |       |     2 |       ||     2
       Meat ration       |       |       |     1 |     1 ||     2
